Ben, chaotic male elven Wizard ---.----- --------- --------- --------- --------- |.......| |.......| |.......| |(...(..| |.......| |<....... |.......-# |.......| #.........#####........| |.......| |...@...|#####........-#####|.......| |.*.....| --.------ --------- -------|- -------.- ---.----- # # ####### ## --.------ -------.- -.------- ----.---- |.......| |.......| |.......| |.......| |.......| |>......| |.......| |.......| |.......| |.......| |.......| |.......| -----|--- --------- --.------ --------- ## ###### ----.---- --------- --------- -------.- --------- |........#####|........#####|)......| |........#####|.......| |.......| #-......>| #-........#####........| #........| |.......| |.......| |.......| |.......| |.......| --------- --------- --------- --------- --------- Ben the Conjurer Experience level: 4 Strength: 4 Dexterity: 11 Constitution: 15 Intelligence: 22 Wisdom: 10 Charisma: 10 Health: 22(26) Energy: 48(48) AC: 9 Gold: 276 Moves: 976 Your Inventory: Coins $ - 276 gold pieces Weapons a - a blessed +1 quarterstaff (weapon in hands) Armor b - an uncursed +0 cloak of magic resistance (being worn) Comestibles r - a [cursed] lichen corpse Scrolls i - an uncursed scroll of light j - an uncursed scroll of identify k - an uncursed scroll of teleportation u - a [cursed] scroll labeled VERR YED HORRE [of create monster] Spellbooks l - a blessed spellbook of force bolt m - an uncursed spellbook of sleep Potions f - an uncursed potion of sleeping g - an uncursed potion of confusion h - an uncursed potion of water o - an [uncursed] black potion [of speed] Rings d - a cursed ring of see invisible (on right hand) e - an uncursed +2 ring of gain intelligence (on left hand) Wands c - a cursed wand of lightning (0:8) Gems p - a [cursed] yellow gem [worthless glass] s - an [uncursed] violet gem [amethyst] Spells known in the end: Name Level Category Fail Memory a - force bolt 1 attack 0% [||||||||] b - sleep 1 enchantment 0% [||||||||] Your skills at the end: Fighting Skills Weapon Skills quarterstaff [Basic / Expert] Spellcasting Skills attack spells [Basic / Expert] enchantment spells [Basic / Skilled] Final Attributes: You were devoutly aligned. Hunger level was 365. Your alignment was 14 / 14. Monster difficulty range was 0 - 3. Level difficulty was 3. You were immune to sleep. You were magic-protected. You saw invisible. You had infravision. Your luck was zero. You survived. Vanquished creatures: a kitten a kobold lord 2 iguanas a gas spore a gnome zombie 2 sewer rats a grid bug a lichen 2 newts 12 creatures vanquished. Voluntary challenges: You were an atheist. You were illiterate. You used a wielded weapon 12 times. You put on armor 1 time. You never genocided any monsters. You never polymorphed an object. You never changed form. You used no wishes. You never wrote Elbereth's name. You never encountered a bones level. You never used any Sokoban shortcuts. Dungeon overview: The Dungeons of Doom: levels 1 to 3 Level 1 a long staircase Level 2 a sink Level 3 <- You were here a fountain a long staircase History has recorded: On T:1 you entered the Dungeons of Doom to retrieve the Amulet of Yendor! On T:360 you reached level 2 of The Dungeons of Doom. On T:677 you reached level 3 of The Dungeons of Doom. On T:687 you advanced to experience level 2. On T:737 you advanced to experience level 3. On T:850 you advanced to experience level 4. Latest messages: You find a secret door. The door opens. You hear someone cursing shoplifters. The door opens. $ - 88 gold pieces. You hear someone cursing shoplifters. This tepid water is tasteless. You see an image of someone stalking you. But it disappears. The cool draught refreshes you. This water's no good! The water is contaminated! [HP-5=21] The cool draught refreshes you. [HP+1=22] Final status: Goodbye Ben the Wizard... You quit in The Dungeons of Doom on dungeon level 3 with 668 points, and 276 pieces of gold, after 976 moves. You were level 4 with a maximum of 26 hit points when you quit.